 Dungeon Crawl Stone Soup version 0.29-a0-789-g7a8fcbc185 (webtiles) character file.

Game seed: 17459651915133526754

252 purpskrrrp the Covert (level 6, -17/30 HPs)
             Began as a Vine Stalker Brigand on July 3, 2022.
             Demolished by an ogre
             ... wielding a +0 giant spiked club
              (24 damage)
             ... on level 4 of the Dungeon.
             The game lasted 00:11:13 (4603 turns).

purpskrrrp the Covert (Vine Stalker Brigand)        Turns: 4603, Time: 00:11:13

Health: -17/30     AC:  8    Str: 20    XL:     6   Next: 14%
Magic:  0/7        EV: 12    Int: 11    God:
Gold:   346        SH:  0    Dex: 17    Spells: 5/5 levels left

rFire   . . .      SeeInvis .   u - +0 dagger (venom)
rCold   . . .      Faith    .   (no shield)
rNeg    . . .      Spirit   +   b - +0 robe
rPois   .          Reflect  .   (no helmet)
rElec   .          Harm     .   c - +1 cloak
rCorr   .          Rampage  .   (no gloves)
Will    .....                   (no boots)
Stlth   ++++......              l - amulet of regeneration
HPRegen 1.70/turn               f - +4 ring of protection
MPRegen 0.10/turn               p - +6 ring of strength

@: no status effects
A: fangs 2, regeneration 1, magic shield, antimagic bite, no potion heal 2
a: no special abilities


You were on level 4 of the Dungeon.
You visited 1 branch of the dungeon, and saw 4 of its levels.

You collected 346 gold pieces.

Inventory:

Hand Weapons
 a - a +2 dagger
 t - a +0 dagger of speed
 u - a +0 dagger of venom (weapon)
Missiles
 d - 11 poisoned darts (quivered)
 e - 3 curare-tipped darts
Armour
 b - a +0 robe (worn)
 c - a +1 cloak (worn)
Jewellery
 f - a +4 ring of protection (left hand)
 i - a ring of positive energy
 l - an amulet of regeneration (around neck)
 p - a +6 ring of strength (right hand)
 w - a ring of flight
Wands
 q - a wand of iceblast (15)
Scrolls
 h - 3 scrolls of teleportation
 m - a scroll of identify
 v - a scroll of poison {unknown}
 x - a scroll of noise {unknown}
 y - a scroll of enchant weapon {unknown}
Potions
 g - a potion of berserk rage {unknown}
 j - 6 potions of curing
 k - a potion of resistance {unknown}
 n - a potion of haste {unknown}
 o - a potion of might {unknown}
 r - 2 potions of invisibility {unknown}
 s - a potion of heal wounds {unknown}


   Skills:
 + Level 2.1 Fighting
 + Level 2.8 Short Blades
 + Level 2.0 Throwing
 + Level 1.2 Dodging
 * Level 8.1 Stealth


You had 5 spell levels left.
You didn't know any spells.
Your spell library contained the following spells:

 Spells                   Type           Power      Damage    Failure   Level
 Apportation              Tloc           0%         N/A       34%         1
 Necrotize                Necr           0%         1d4       34%         1
 Summon Small Mammal      Summ           0%         N/A       34%         1


Dungeon Overview and Level Annotations

Branches:
Dungeon (4/15)             Temple (0/1) D:4

Altars:
Hepliaklqana
Nemelex Xobeh
Sif Muna


Innate Abilities, Weirdness & Mutations

You have extremely sharp teeth.
Your natural rate of healing is unusually fast.
When hurt, damage is shared between your health and your magic reserves.
Your bite disrupts and absorbs the magic of your enemies.
Potions cannot restore your health.


Message History

An orc is nearby!
An orc comes into view. It is wielding a +0 flail.
A ball python and an orc wizard come into view.
Found a staircase to the Ecumenical Temple.
An ogre and a hobgoblin come into view.
Found 7 stones.
The ball python hisses angrily.
You hear a shout!
The ogre shouts!
An orc comes into view. It is wielding a +0 short sword.
The ogre moves out of view.
You see here a +0 ring mail.
The orc wizard shouts!
You hit the ball python.
You kill the ball python!
The hobgoblin barely misses you.
The ogre hits you with a +0 giant spiked club!!
Ouch! That really hurt!
* * * LOW HITPOINT WARNING * * *
You are too injured to fight recklessly!
You are too injured to fight recklessly!
You are too injured to fight recklessly!
You are too injured to fight recklessly!
You barely miss the hobgoblin. Your bite misses the hobgoblin.
The orc wizard gestures wildly while chanting.
The orc wizard flickers and vanishes!
Deactivating autopickup; reactivate with Ctrl-A.
The hobgoblin barely misses you. The orc barely misses you.
The ogre barely misses you.
You hit the hobgoblin.
The hobgoblin is poisoned.
You bite the hobgoblin.
You kill the hobgoblin!
You hit the orc.
The orc is poisoned.
The orc is moderately wounded.
The ogre hits you with a +0 giant spiked club!
* * * LOW HITPOINT WARNING * * *
The orc misses you.
You barely miss the orc. You bite the orc, but do no damage.
Something hits you but does no damage. The orc hits you but does no damage.
You closely miss the orc. Your bite misses the orc.
The ogre hits you with a +0 giant spiked club!!
Ouch! That really hurt!
You die...

.......###..#<######
#.....###.#
####..####.(.......#
#.##### #.#
####..........####.#
#.# #.# ........##.####
#.# #.# #.#
#######.##.# #.# #.#
#.# ..........(#
#.####.# #.#
#######.####
#####[##...# #.# # #.#
#..o..##.### #.# # #.#
#.8@#.##.# #.. # #.#
#(.o.O.##.# ### # #.#
#8.>.8.##.# #
#.#####......##.#
#######
#######.##...#.8.#.##.#
#......
##......##.##########.#
#...... ##.#######.#
#.# #.##### ##.# #.#
#>### #.# ##.# ### #.#
#.#.###.#


You could see an ogre and 2 orcs.

Vanquished Creatures
  A black bear (D:3)
  An iguana (D:4)
  5 adders
  3 worms
  4 dart slugs
  8 endoplasms
  6 giant cockroaches
  10 goblins
  5 hobgoblins
  12 kobolds
  4 quokkas
  7 ball pythons
  4 bats
  7 frilled lizards
  4 rats
81 creatures vanquished.

Notes
Turn   | Place    | Note
-------+----------+-------------------------------------------
     0 | D:1      | purpskrrrp the Vine Stalker Brigand began the quest for the
                  | Orb.
     0 | D:1      | Reached XP level 1. HP: 11/11 MP: 2/2
    61 | D:1      | Reached skill level 5 in Stealth
    72 | D:1      | Reached XP level 2. HP: 7/15 MP: 3/3
   377 | D:1      | Found a faded altar of an unknown god.
   533 | D:1      | Reached XP level 3. HP: 18/18 MP: 4/4
  1048 | D:2      | Reached skill level 1 in Dodging
  1288 | D:2      | Reached skill level 6 in Stealth
  1822 | D:2      | Gained mutation: Your natural rate of healing is unusually
                  | fast. [Vine Stalker growth]
  1822 | D:2      | Reached XP level 4. HP: 18/23 MP: 5/5
  3137 | D:3      | Reached XP level 5. HP: 26/26 MP: 6/6
  3239 | D:3      | Noticed a black bear
  3242 | D:3      | Killed a black bear
  3243 | D:3      | Reached skill level 7 in Stealth
  3327 | D:3      | Found a sparkling altar of Nemelex Xobeh.
  3328 | D:3      | Found a shimmering blue altar of Sif Muna.
  3485 | D:3      | Found a hazy altar of Hepliaklqana.
  4411 | D:4      | Reached skill level 8 in Stealth
  4411 | D:4      | Reached XP level 6. HP: 29/30 MP: 5/7
  4594 | D:4      | Found a staircase to the Ecumenical Temple.
  4603 | D:4      | Demolished by an ogre

Illustrated notes

Levels and vault maps discovered:
D:1:      eino_arrival_cavern_b, layout_rooms, ebering_ecumenical_altar_mist,
          hangedman_decor_growths, minmay_tromino_v2
D:2:      minmay_alternating_diamond, layout_loops_corners, minivault_4,
          dk_noncrumbling_3
D:3:      layout_loops_corners, nicolae_hepliaklqana_hippocampus, minitemple,
          nicolae_kite_square_tiling_tiny
D:4:      layout_loops_ring, minmay_temple_entry_statues_pillars

Skill      XL: |  1  2  3  4  5 |
---------------+----------------+-----
Stealth        | 5 6 8 |  8.1
Short Blades   | 2 |  2.8
Dodging        | 1 |  1.2
Fighting       | 2 |  2.1
Throwing       | 2 |  2.0

Action                   |  1- 3 |  4- 6 || total
-------------------------+-------+-------++-------
Melee: Dagger            |    99 |    79 ||   178
       Bite              |    25 |    17 ||    42
       Punch             |     2 |       ||     2
Throw: Dart              |       |     2 ||     2
  Use: Scroll            |       |     6 ||     6
 Stab: Sleeping          |     4 |    24 ||    28
Armor: Robe              |    25 |    10 ||    35
Dodge: Dodged            |    52 |    22 ||    74

Table legend: (Time is in decaauts)
 A = Elapsed time spent in this place.
 B = Non-inter-level travel time spent in this place.
 C = Inter-level travel time spent in this place.
 D = Time resting spent in this place.
 E = Time spent auto-exploring this place.
 F = Levels seen in this place.
 G = Mean time per level.
                   A        B        C        D        E       F      G
               +--------+--------+--------+--------+--------+-----+--------+
         Total |   4584 |   3841 |    743 |    202 |   3086 |   4 | 1146.0 |
       Dungeon |   4584 |   3841 |    743 |    202 |   3086 |   4 | 1146.0 |
               +--------+--------+--------+--------+--------+-----+--------+

Top non-repeatable levels by time:
     D:2: 1781 daAuts
     D:3: 1390 daAuts
     D:1: 842 daAuts
     D:4: 571 daAuts
